 Dungeon Crawl Stone Soup version 0.16.1-51-g6203257 (webtiles) character file.

472 RepoMan the Slasher (level 7, 0/53 (55) HPs)
             Began as a Ghoul Warper on July 21, 2015.
             Was an Initiate of Kikubaaqudgha.
             Slain by a goblin
             ... wielding a +0 dagger
              (3 damage)
             ... on level 5 of the Dungeon.
             The game lasted 00:54:42 (5694 turns).

RepoMan the Slasher (Ghoul Warper)                  Turns: 5694, Time: 00:54:44

HP:   0/53 (55)     AC:  4    Str: 15      XL:     7   Next: 9%
MP:   13/13         EV: 11    Int: 10      God:    Kikubaaqudgha [......]
Gold: 368           SH:  0    Dex:  7 (8)  Spells: 3 memorised, 7 levels left

rFire  + . .     SeeInvis .     a - +0 falchion
rCold  + . .     Clarity  .     b - +0 leather armour
rNeg   + + +     SustAb   .     (no shield)
rPois  ∞         Gourm    .     m - +0 helmet
rElec  .         Spirit   .     (no cloak)
rCorr  .         Warding  .     (no gloves)
rMut   .         Stasis   .     (no boots)
MR     .....                    (no amulet)
Stlth  +.........               g - ring of fire
                                y - ring of protection from cold

@: very slightly contaminated, rotting, hasted, very quick, not resistant to
hostile enchantments, very unstealthy
A: rotting body, claws 1, carnivore 3, cold resistance 1, negative energy
resistance 3, poison resistance, slow healing 1, torment resistance, unbreathing
a: Renounce Religion


You were on level 5 of the Dungeon.
You worshipped Kikubaaqudgha.
Kikubaaqudgha was noncommittal.
You were not hungry.

You visited 2 branches of the dungeon, and saw 6 of its levels.

You collected 368 gold pieces.

Inventory:

Hand weapons
 a - a +0 falchion (weapon)
 v - a +0 blowgun
Missiles
 h - 9 poisoned needles
 u - 7 tomahawks (quivered)
Armour
 b - a +0 leather armour (worn)
 m - a +0 helmet (worn)
 x - the +0 scale mail of Vexation {Contam rC+ Dex+6 SInv Stlth+}
   (You found it on level 4 of the Dungeon)

   It affects your dexterity (+6).
   It protects you from cold.
   It enhances your eyesight.
   It causes magical contamination when unequipped.
   It makes you more stealthy.
Jewellery
 g - a ring of fire (right claw)
 y - a ring of protection from cold (left claw)
Scrolls
 d - 2 scrolls of blinking
 f - a scroll of remove curse
 j - a scroll of teleportation
 l - a scroll of magic mapping
 s - a scroll of recharging {unknown}
 w - a scroll of identify {unknown}
Potions
 k - a potion of haste
 p - 2 potions of ambrosia {unknown}
 q - a potion of poison
 r - a potion of cancellation {unknown}
Books
 c - a book of Spatial Translocations

   Spells                             Type                      Level
   a - Apportation                    Translocation                1
   b - Blink                          Translocation                2
   c - Shroud of Golubria             Charms/Translocation         2
   d - Portal Projectile              Translocation                3
   e - Teleport Other                 Translocation                3
   f - Passage of Golubria            Translocation                4
 t - a book of Ice

   Spells                             Type                      Level
   a - Ice Form                       Ice/Transmutation            4
   b - Metabolic Englaciation         Hexes/Ice                    5
   c - Ozocubu's Refrigeration        Ice                          6
   d - Bolt of Cold                   Conjuration/Ice              6
   e - Freezing Cloud                 Conjuration/Ice/Air          6
   f - Simulacrum                     Ice/Necromancy               6
Comestibles
 n - 3 meat rations
 z - a slice of pizza


   Skills:
 - Level 2.1 Fighting
 + Level 3.9 Long Blades
 - Level 0.8 Throwing
 * Level 3.6 Armour
 - Level 2.1 Dodging
 * Level 3.4 Spellcasting
 - Level 3.3 Translocations


You had 7 spell levels left.
You knew the following spells:

 Your Spells              Type           Power        Failure   Level  Hunger
a - Apportation           Tloc           #.........   10%         1    #......
b - Blink                 Tloc           N/A          14%         2    ###....
c - Shroud of Golubria    Chrm/Tloc      #.........   24%         2    ###....


Dungeon Overview and Level Annotations

Branches:
Dungeon (5/15)             Temple (1/1) D:5

Altars:
Ashenzari
Cheibriados
Dithmenos
Elyvilon
Fedhas
Gozag
Kikubaaqudgha
Makhleb
Nemelex Xobeh
Okawaru
Qazlal
Sif Muna
Trog
Yredelemnul
The Shining One

Shops:
D:2 *

Annotations:
D:4 1 exclusion, krupnik16's ghost, average OgBe


Innate Abilities, Weirdness & Mutations

Your body is rotting away.
You thrive on raw meat.
You have sharp fingernails.
You are carnivorous and can eat meat at any time.
Your flesh is cold resistant.
You are immune to negative energy.
Your system is resistant to poisons.
You heal slowly when monsters are visible.
You are immune to unholy pain and torment.
You can survive without breathing.


Message History

The shadow imp throws its arms wide.
The dead are crawling!
The goblin barely misses you.
A scorpion zombie comes into view.
You hit the orc wizard.
The orc wizard is severely wounded.
The orc wizard hits you but does no damage.
You hit the orc wizard.
The orc wizard is almost dead.
The orc wizard casts a spell at you. The magic dart hits you!
* * * LOW HITPOINT WARNING * * *
The goblin barely misses you.
You barely miss the orc wizard.
The orc wizard is almost dead.
The gnoll looks more healthy.
The orc wizard hits you with a dagger.
* * * LOW HITPOINT WARNING * * *
The shadow imp laughs crazily.
The goblin hits you with a dagger.
You die...
Kikubaaqudgha rasps: "You have failed me!
Welcome... oblivion!"

#.#######...####.#.###.##
#...............5........
################g###.....
........Zgo.......
################o####....
#..<...# #o# #.#.#### #g#
#.#....# #g# #.#.##.# #@#
#.#.##.# #o# #.#.##.# #(#
#.#.##.#########.#
#.#.##...........#
#.#.############## #)#.#
.


You could see an orc wizard, a gnoll, a shadow imp, 3 orcs, a scorpion zombie, a
hobgoblin and 2 goblins.

Vanquished Creatures
  Edmund (D:4)
  A scorpion (D:5)
  A hound (Temple)
  2 worker ants
  2 orc wizards
  A hound skeleton (D:4)
  Robin (D:3)
  A gnoll (D:2)
  2 adders
  A giant mite (D:1)
  3 worms
  2 giant geckos
  An ooze (D:3)
  14 orcs
  A bat zombie (D:4)
  3 giant cockroaches
  12 goblins
  12 hobgoblins
  8 kobolds
  5 bats
  5 giant newts
  3 jackals (D:4)
  A quokka skeleton (D:4)
  11 rats
  A fungus (D:4)
95 creatures vanquished.

Notes
Turn   | Place    | Note
--------------------------------------------------------------
     0 | D:1      | RepoMan, the Ghoul Warper, began the quest for the Orb.
     0 | D:1      | Reached XP level 1. HP: 17/17 MP: 2/2
    61 | D:1      | Reached skill level 1 in Armour
    61 | D:1      | Reached XP level 2. HP: 24/24 MP: 3/3
   153 | D:1      | Found a sparkling altar of Nemelex Xobeh.
   231 | D:1      | Learned a level 2 spell: Blink
   617 | D:1      | Reached XP level 3. HP: 29/29 MP: 6/6
  1056 | D:1      | Reached skill level 3 in Translocations
  1131 | D:1      | Learned a level 2 spell: Shroud of Golubria
  1381 | D:2      | Found an opulent altar of Gozag.
  1411 | D:2      | Found Gozag's Platinum Reserve.
  3129 | D:3      | Reached XP level 4. HP: 31/36 MP: 6/6
  3715 | D:4      | Got a heavily runed scale mail
  3761 | D:3      | Identified the cursed +0 scale mail of Vexation {Contam rC+ Dex+6 SInv Stlth+} (You found it on level 4 of the Dungeon)
  3811 | D:4      | Noticed Robin
  3849 | D:3      | Killed Robin
  3977 | D:4      | Reached XP level 5. HP: 37/41 MP: 8/8
  4153 | D:4      | Noticed Edmund
  4185 | D:4      | Killed Edmund
  4185 | D:4      | Reached XP level 6. HP: 43/48 MP: 10/10
  4902 | D:4      | Noticed krupnik16's ghost (average OgBe)
  4911 | D:5      | Entered Level 5 of the Dungeon
  5001 | D:5      | Found a staircase to the Ecumenical Temple.
  5008 | Temple   | Entered the Ecumenical Temple
  5276 | Temple   | Became a worshipper of Kikubaaqudgha
  5359 | Temple   | HP: 2/48 [orc wizard/dagger (4)]
  5680 | D:5      | Reached XP level 7. HP: 20/53 MP: 13/13
  5694 | D:5      | Slain by a goblin

Action                   |  1- 3 |  4- 6 |  7- 9 || total
-------------------------+-------+-------+-------++-------
Melee: Falchion          |   138 |   238 |     5 ||   381
 Fire: Blowgun           |       |    47 |     5 ||    52
Throw: Tomahawk          |     5 |       |       ||     5
 Cast: Shroud of Golubri |     1 |     2 |       ||     3
       Blink             |       |     2 |       ||     2
  Use: Scroll            |       |     5 |       ||     5
       Potion            |       |     7 |     1 ||     8
 Stab: Sleeping          |       |     1 |       ||     1
  Eat: Chunk             |    12 |    19 |       ||    31
